 Dungeon Crawl Stone Soup version 0.26-a0-412-ga3d1f51b80 (webtiles) character file.

Game seed: 9589447884025179474

75 KristoblXynda the Skirmisher (level 4, -11/45 HPs)
             Began as a Troll Delver on July 24, 2020.
             Blown up by Ijyb (30 damage)
             ... with a disintegration bolt
             ... on level 5 of the Dungeon.
             The game lasted 00:00:33 (116 turns).

KristoblXynda the Skirmisher (Troll Delver)          Turns: 116, Time: 00:00:33

Health: -11/45     AC:  6    Str: 20    XL:     4   Next: 11%
Magic:  3/3        EV: 10    Int:  7    God:
Gold:   13         SH:  0    Dex: 11    Spells: 3/3 levels left

rFire    . . .     SeeInvis .     - Unarmed
rCold    . . .     Faith    .   (no shield)
rNeg     . . .     Spirit   .   a - +0 robe
rPois    .         Reflect  .   (helmet restricted)
rElec    .         Harm     .   (no cloak)
rCorr    .                      (gloves unavailable)
MR       .....                  (boots unavailable)
Stlth    ++........             (no amulet)
HPRegen  0.55/turn              (no ring)
MPRegen  0.08/turn              (no ring)

@: no status effects
A: large, unfitting armour, claws 3, regeneration 1, shaggy fur 1, tough skin 3
a: no special abilities


You were on level 5 of the Dungeon.
You visited 1 branch of the dungeon, and saw 1 of its levels.

You collected 13 gold pieces.

Inventory:

Armour
 a - a +0 robe (worn)
Wands
 f - a wand of digging (3)
 g - a wand of clouds (7)
Scrolls
 b - a scroll of fog
 c - a scroll of magic mapping
 d - a scroll of fear
Potions
 e - a potion of haste


   Skills:
 + Level 3.1 Fighting
 + Level 2.4 Dodging
 - Level 2.7 Stealth
 + Level 3.0 Unarmed Combat


You had 3 spell levels left.
You didn't know any spells.
Your spell library was empty.

Dungeon Overview and Level Annotations

Branches:
Dungeon (5/15)
 Temple: D:4-7

Altars:

Annotations:
D:5 Ijyb


Innate Abilities, Weirdness & Mutations

You are too large for most types of armour.
You have claws for hands.
Your natural rate of healing is unusually fast.
You are covered in fur. (AC +1)
You have extremely tough skin. (AC +3)


Message History

Evoke which item? (* to show all) (? for menu, Esc to quit)
Aiming: Cloud Cone
Press: ? - help, Dir - move target cursor, f - orc
Aim: an orc, wielding a +0 falchion You create a blast of freezing vapour!
The orc is engulfed in freezing vapours.
You kill the orc!
Ijyb is engulfed in freezing vapours.
Things that are here:
a +0 mace; a +6 ring of intelligence; a scroll labeled COCKAMEDOF You closely miss Ijyb.
Ijyb is heavily wounded.
Ijyb is engulfed in freezing vapours.
Ijyb closely misses you.
Things that are here:
a +0 mace; a +6 ring of intelligence; a scroll labeled COCKAMEDOF You scratch Ijyb.
Ijyb is severely wounded.
Ijyb is engulfed in freezing vapours.
Ijyb zaps a wand.
You are blasted!
Ouch! That really hurt!
You die...

#. ..##.........
##.......$.... #
...?........
#.##§.#.......
..#.§§§.# #.#.##
....§§§§# #....##
#§§###.....####
#$g@...........
#####.....^####
#........# .#
.......#.###.##.#
#####.#### #.##.#
#.# #.##.# #.#
#.##.# #.# #.##.#
#
#.######.##.##.#


You could see Ijyb.

Vanquished Creatures
  A centaur zombie (D:5)
  An orc priest (D:5)
  A hound skeleton (D:5)
  2 orcs (D:5)
5 creatures vanquished.

Notes
Turn   | Place    | Note
-------+----------+-------------------------------------------
     0 | D:5      | KristoblXynda the Troll Delver began the quest for the Orb.
     0 | D:5      | Reached XP level 1. HP: 22/22 MP: 0/0
    19 | D:5      | Reached XP level 2. HP: 22/29 MP: 1/1
    19 | D:5      | Reached XP level 3. HP: 27/36 MP: 2/2
    92 | D:5      | Reached XP level 4. HP: 27/45 MP: 3/3
    98 | D:5      | Noticed Ijyb
   116 | D:5      | Blown up by Ijyb

Illustrated notes

Levels and vault maps discovered:
D:5:      layout_loops_ring, uniq_ijyb

Skill      XL: |  1  2  3 |
---------------+----------+-----
Dodging        | 2 |  2.4
Fighting       | 3 |  3.1
Unarmed Combat | 3 |  3.0
Stealth        | |  2.7

Action                   |  1- 3 |  4- 6 || total
-------------------------+-------+-------++-------
Melee: Unarmed           |    21 |    15 ||    36
       Punch             |       |     1 ||     1
Evoke: Wand              |       |     1 ||     1
Armor: Robe              |     5 |     5 ||    10
Dodge: Dodged            |     7 |    13 ||    20

Table legend: (Time is in decaauts)
 A = Elapsed time spent in this place.
 B = Non-inter-level travel time spent in this place.
 C = Inter-level travel time spent in this place.
 D = Time resting spent in this place.
 E = Time spent auto-exploring this place.
 F = Levels seen in this place.
 G = Mean time per level.
                   A        B        C        D        E       F      G
               +--------+--------+--------+--------+--------+-----+--------+
         Total |    114 |    114 |      0 |     18 |     31 |   1 |  114.0 |
       Dungeon |    114 |    114 |      0 |     18 |     31 |   1 |  114.0 |
               +--------+--------+--------+--------+--------+-----+--------+

Top non-repeatable levels by time:
     D:5: 114 daAuts
